 Dungeon Crawl Stone Soup version 0.21.1-1-g345015f (webtiles) character file.

24 kae the Insei (level 2, 0/21 HPs)
             Began as a Demonspawn Transmuter on May 17, 2018.
             Slain by a kobold
             ... wielding a +2 dagger of flaming
              (1 damage)
             ... on level 1 of the Dungeon.
             The game lasted 00:00:47 (1048 turns).

kae the Insei (Demonspawn Transmuter)               Turns: 1048, Time: 00:00:48

Health: 0/21       AC:  2    Str: 10    XL:     2   Next: 79%
Magic:  5/5        EV: 12    Int: 14    God:
Gold:   84         SH:  0    Dex: 13    Spells: 4/5 levels left

rFire    . . .     SeeInvis .     - Unarmed
rCold    . . .     Gourm    .   (no shield)
rNeg     . . .     Faith    .   b - +0 robe
rPois    .         Spirit   .   (no helmet)
rElec    .         Reflect  .   (no cloak)
rCorr    .         Harm     .   (no gloves)
MR       .....                  (boots currently unavailable)
Stlth    ++........             (no amulet)
HPRegen  0.07/turn              (no ring)
MPRegen  0.09/turn              (no ring)

@: appendage (expiring)
A: talons 3, nightstalker 1
a: End Transformation


You were on level 1 of the Dungeon.
You were hungry.
You had grown temporary talons.
You visited 1 branch of the dungeon, and saw 1 of its levels.

You collected 84 gold pieces.

Inventory:

Missiles
 a - 12 arrows
Armour
 b - a +0 robe (worn)
Jewellery
 i - a +2 ring of protection {unknown}
Scrolls
 e - a scroll of identify {unknown}
Potions
 f - a potion of curing {unknown}
 g - a potion of flight {unknown}
Books
 c - a book of Changes

   Spells                             Type                      Level
   a - Beastly Appendage              Transmutation                1
   b - Sticks to Snakes               Transmutation                2
   c - Spider Form                    Transmutation/Poison         3
   d - Ice Form                       Ice/Transmutation            4
   e - Blade Hands                    Transmutation                5
Comestibles
 d - 2 rations


   Skills:
 + Level 1.4 Fighting
 - Level 1.7 Dodging
 * Level 3.0 Unarmed Combat
 + Level 2.2 Spellcasting
 * Level 2.2 Transmutations


You had 4 spell levels left.
You knew the following spells:

 Your Spells              Type           Power        Failure   Level  Hunger
a - Beastly Appendage     Tmut           #.....       9%          1    #......


Dungeon Overview and Level Annotations

Branches:
Dungeon (1/15)

Altars:


Innate Abilities, Weirdness & Mutations

You are slightly more attuned to the shadows.
You have claws for feet.


Message History

You are too injured to fight recklessly!
You are too injured to fight recklessly!
You are too injured to fight recklessly!
You are too injured to fight recklessly!
You are too injured to fight recklessly!
You hit the kobold but do no damage. The giant cockroach closely misses you.
The kobold closely misses you.
You hit the giant cockroach. Your kick misses the giant cockroach.
The giant cockroach is almost dead.
The giant cockroach closely misses you.
The kobold hits you with a dagger of flaming.
The kobold burns you.
You hit the kobold. Your kick misses the kobold.
The kobold is heavily wounded.
The giant cockroach bites you.
* * * LOW HITPOINT WARNING * * *
The kobold hits you with a dagger of flaming.
* * * LOW HITPOINT WARNING * * *
The kobold burns you.
You die...

..####..####.#### . #..# #.#
........# #..# #.# ........#
#..# #.# .......(# #..# #.#
........# ##. #.####
........# ...... #.....sK#
#.# #.##..@.# ...
#.##....##### #.# #######
#.##........#######
......#####.##.#............#
......'...........###.###...#
......######.#...>.##.# #...#
.....)# #.#.#.####.#
#...##### #'####### #.#.#.#
#.###........ #.......#
#.###.# #...###.#####


You could see a giant cockroach and a kobold.

Vanquished Creatures
  A dart slug (D:1)
  A leopard gecko (D:1)
  6 hobgoblins (D:1)
  A bat (D:1)
  A frilled lizard (D:1)
  4 goblins (D:1)
  3 kobolds (D:1)
  3 rats (D:1)
20 creatures vanquished.

Notes
Turn   | Place    | Note
-------+----------+-------------------------------------------
     0 | D:1      | kae the Demonspawn Transmuter began the quest for the Orb.
     0 | D:1      | Reached XP level 1. HP: 15/15 MP: 3/3
    95 | D:1      | Gained mutation: You are slightly more attuned to the shadows. [demonic ancestry]
    95 | D:1      | Reached XP level 2. HP: 21/21 MP: 5/5
   490 | D:1      | Reached skill level 3 in Unarmed Combat
  1048 | D:1      | HP: 1/21 [kobold/dagger of flaming (5)]
  1048 | D:1      | Slain by a kobold

Skill      XL: |  1  2 |
---------------+-------+-----
Transmutations | 2 |  2.2
Unarmed Combat | 3 |  3.0
Fighting       | |  1.4
Dodging        | |  1.7
Spellcasting   | |  2.2

Action                   || total
-------------------------++-------
Melee: Unarmed           ||    74
       Headbutt          ||     2
       Punch             ||     1
       Kick              ||     4
 Cast: Beastly Appendage ||     9
 Stab: Sleeping          ||     4
Armor: Robe              ||    11
Dodge: Dodged            ||    51
